 Dungeon Crawl Stone Soup version 0.30-a0-1116-gebefce21f7 (webtiles) character file.

Game seed: 14933868990974030858

736 daftaero the Cudgeller (level 7, -2/66 HPs)
             Began as an Armataur Berserker on Apr 21, 2023.
             Was a Priest of Trog.
             Slain by an ogre
             ... wielding a +0 giant club
              (9 damage)
             ... on level 5 of the Dungeon.
             The game lasted 00:13:31 (4133 turns).

daftaero the Cudgeller (Armataur Berserker)         Turns: 4133, Time: 00:13:32

Health: -2/66      AC:  9    Str: 24    XL:     7   Next: 46%
Magic:  7/7        EV:  9    Int:  7    God:    Trog [***...]
Gold:   237        SH:  0    Dex: 10    Spells: 6/6 levels left

rFire   . . .      SeeInvis .    e - +1 morningstar
rCold   . . .      Faith    .    (no shield)
rNeg    . . .      Spirit   .    q - +1 ring mail {rPois}
rPois   +          Reflect  .    (no helmet)
rElec   .          Roll     +    (no cloak)
rCorr   .                        g - +1 pair of gloves
Will    .....                    (no barding) Stlth
                                 (no amulet)
HPRegen 0.31/turn                (no ring)
MPRegen 0.10/turn                (no ring)

@: on berserk cooldown, slowed, very slow
A: large, rugged brown scales 3, deformed body, armoured tail, roll, long
tongue, awkward tongue
a: Renounce Religion, Berserk, Trog's Hand


You were on level 5 of the Dungeon.
You worshipped Trog.
Trog was most pleased with you.
You visited 2 branches of the dungeon, and saw 8 of its levels.

You collected 237 gold pieces.

Inventory:

Hand Weapons
 a - a +0 mace
 b - a +0 sling
 e - a +1 morningstar (weapon)
 p - the +6 whip of Qunne {flame, *Corrode rPois rN+}
   (You found it on level 3 of the Dungeon)

   rPois:     It protects you from poison.
   rN:        It protects you from negative energy.
   *Corrode:  It may corrode you when you take damage.
Armour
 g - a +1 pair of gloves (worn)
 q - a +1 ring mail of poison resistance (worn)
 v - a +3 ring mail
Wands
 z - a wand of flame (15)
Scrolls
 c - 9 scrolls of identify
 i - 2 scrolls of magic mapping
 j - a scroll of blinking
 k - a scroll of fear
 w - a scroll of poison {unknown}
 y - a scroll of enchant armour
Potions
 d - a potion of flight {unknown}
 f - 2 potions of curing {unknown}
 h - 3 potions of mutation {unknown}
 n - a potion of invisibility {unknown}
 o - a potion of resistance {unknown}
 r - a potion of haste {unknown}
 t - 2 potions of brilliance {unknown}
 u - 2 potions of magic {unknown}
 x - a potion of cancellation {unknown}


   Skills:
 + Level 5.7 Fighting
 + Level 5.7 Maces & Flails
 + Level 4.0 Armour
 - Level 1.3 Dodging


You had 6 spell levels left.
You didn't know any spells.
Your spell library was empty.

Dungeon Overview and Level Annotations

Branches:
Dungeon (7/15)             Temple (1/1) D:4

Altars:
Cheibriados
Dithmenos
Kikubaaqudgha
Nemelex Xobeh
Sif Muna
Vehumet
Yredelemnul
Zin
The Shining One

Shops:
D:3 :


Innate Abilities, Weirdness & Mutations

You are completely covered in rugged brown scales. (AC +3, +7% HP)
Armour fits poorly on your strangely shaped body.
You have a long armoured tail.
You roll when moving toward enemies. (Rampage)
Your long tongue fully drains potion bottles. (2x potion effects)
Your tongue gives you trouble enunciating. (1.5x scroll delay)


Message History

You closely miss the iguana.
The orc priest shouts!
You tail-slap the iguana!
The iguana is heavily wounded.
You sock the iguana!
The iguana is almost dead.
The phantom hits you.
The phantom blinks!
You blink.
An orc wizard and an orc come into view.
An orc comes into view. It is wielding a +0 short sword.
The orc closely misses you.
The orc priest hits you with a +0 trident.
There is an open door here.
You feel a strong urge to attack something.
The orc hits you but does no damage.
An orc priest and an ogre come into view.
You feel your anger nearly subside.
The orc priest shouts!
There is an open door here.
You are no longer berserk.
You are exhausted.
You feel yourself slow down.
You barely miss the orc priest. The orc priest hits you with a +0 club.
The orc hits you but does no damage. The ogre attacks as you move away!
The ogre closely misses you.
The orc wizard points at you and mumbles some strange words.
The magic dart hits you. The orc priest closely misses you.
The orc hits you with a +0 flail!
The orc priest hits you but does no damage.
You roll towards the orc wizard!
You completely miss the orc wizard. The orc wizard casts a spell at you.
You resist with some effort. The ogre hits you with a +0 giant club.
* * * LOW HITPOINT WARNING * * *
The orc hits you with a +0 flail!
* * * LOW HITPOINT WARNING * * *
The orc wizard hits you but does no damage.
The orc priest hits you with a +0 club.
* * * LOW HITPOINT WARNING * * *
The orc wizard hits you but does no damage.
The orc priest closely misses you. The ogre hits you with a +0 giant club!
You die...

..##.... ........#........#
#####+### ........#........#
.......#
####....#........###+###ยง.....#
..# ....#........#....##......#
..##+####........#.....)......#
....... +........#............#
....... #........oo...........#
####.. #......o@##l#########+#
...######......Oo#W...#
................W#....#
................l5....#
.................#....#
.................#....#
.................#....#
###..............######
#...................


You could see an ogre, a phantom, an iguana, an orc priest, an orc wizard, a
shadow imp and 2 orcs.

Vanquished Creatures
  An ogre (D:5)
  A bullfrog (D:7)
  A scorpion (D:7)
  2 orc priests
  5 sleepcaps
  4 orc wizards
  An iguana (D:7)
  Robin (D:4)
  7 adders
  A shadow imp (D:7)
  A white imp (D:7)
  2 worms
  2 dart slugs (D:3)
  12 orcs
  9 ball pythons
  5 endoplasms
  A giant cockroach (D:3)
  11 goblins
  11 hobgoblins
  4 jackals (D:1)
  3 quokkas
  3 bats
  3 frilled lizards
  8 kobolds
  2 rats
101 creatures vanquished.

Vanquished Creatures (others)
  An orc wizard (D:7)
  4 plants (D:2)
  A withered plant (D:4)
6 creatures vanquished.

Grand Total: 107 creatures vanquished

Notes
Turn   | Place    | Note
-------+----------+-------------------------------------------
     0 | D:1      | daftaero the Armataur Berserker began the quest for the
                  | Orb.
     0 | D:1      | Reached XP level 1. HP: 19/19 MP: 1/1
   141 | D:1      | Reached XP level 2. HP: 25/27 MP: 2/2
   498 | D:1      | Reached ** piety under Trog
   713 | D:2      | Reached XP level 3. HP: 33/33 MP: 3/3
  1188 | D:2      | Found a faded altar of an unknown god.
  1409 | D:3      | Reached XP level 4. HP: 26/42 MP: 4/4
  1551 | D:3      | Identified the +6 whip of Qunne {flame, *Corrode rPois rN+}
  1572 | D:3      | Found Riusal's Vocational Training.
  1961 | D:3      | Found a shimmering blue altar of Sif Muna.
  2226 | D:4      | You fall into a shaft and drop 3 floors!
  2243 | D:7      | Reached XP level 5. HP: 45/49 MP: 5/5
  2311 | D:7      | Reached *** piety under Trog
  2312 | D:7      | Reached XP level 6. HP: 22/56 MP: 6/6
  2325 | D:6      | Noticed an acid dragon
  2567 | D:7      | Reached skill level 5 in Fighting
  2567 | D:7      | Reached skill level 5 in Maces & Flails
  2738 | D:6      | Noticed a sky beast
  2939 | D:5      | Entered Level 5 of the Dungeon
  3018 | D:4      | Found a staircase to the Ecumenical Temple.
  3035 | Temple   | Entered the Ecumenical Temple
  3081 | D:4      | Reached XP level 7. HP: 65/65 MP: 7/7
  3158 | D:4      | Found a basalt altar of Yredelemnul.
  3328 | D:4      | Identified the +4 short sword "Enyffy" {distort, rF+ rC-
                  | Str+3 Dex+3}
  3504 | D:4      | Noticed Robin
  3508 | D:4      | Killed Robin
  3934 | D:5      | Reached **** piety under Trog
  4133 | D:5      | Slain by an ogre

Illustrated notes

Levels and vault maps discovered:
D:1:      dreamdust_arrival_sigmund_warning, layout_basic,
          chequers_serial_rivers_micro_c, chequers_serial_rivers_micro_b
D:2:      wad_lake_hut, layout_basic, hellmonk_ecumenical_altar_slurped_away
D:3:      layout_loops_cross, nicolae_overflow_hidden_temple,
          nicolae_shop_vocational
D:4:      layout_loops_corners, yredelemnul_altar_generic,
          minmay_temple_entry_slanted, uniq_robin
D:5:      layout_gridville, nzn_hepliaklqana_mist_gate
D:6:      layout_cave_pods, xom_teletrap_fun, hellmonk_no_cap
D:7:      layout_basic, gammafunk_ghost_split, uniq_maggie
Temple:   hellmonk_temple_two_chambers

Skill      XL: |  1  2  3  4  5  6  7 |
---------------+----------------------+-----
Fighting       | 3 4 5 |  5.7
Maces & Flails | 3 4 5 |  5.7
Armour         | 3 4 |  4.0
Dodging        | |  1.3

Action                     |  1- 3 |  4- 6 |  7- 9 || total
---------------------------+-------+-------+-------++-------
  Melee: Mace              |    57 |       |       ||    57
         Tailslap          |     4 |    15 |    11 ||    30
         Morningstar       |    22 |   108 |   108 ||   238
         Punch             |     1 |     1 |     2 ||     4
 Invoke: Berserk           |       |       |     1 ||     1
    Use: Scroll            |     5 |       |     5 ||    10
         Potion            |       |     1 |       ||     1
 Armour: Chain mail        |    49 |    23 |       ||    72
         Animal skin       |     1 |       |       ||     1
         Skin              |     1 |       |       ||     1
         Ring mail         |       |    54 |    69 ||   123
  Dodge: Dodged            |    17 |    61 |    57 ||   135

Table legend: (Time is in decaauts)
 A = Elapsed time spent in this place.
 B = Non-inter-level travel time spent in this place.
 C = Inter-level travel time spent in this place.
 D = Time resting spent in this place.
 E = Time spent auto-exploring this place.
 F = Levels seen in this place.
 G = Mean time per level.
                   A        B        C        D        E       F      G
               +--------+--------+--------+--------+--------+-----+--------+
         Total |   4209 |   4108 |    101 |    253 |   2555 |   8 |  526.1 |
       Dungeon |   4179 |   4078 |    101 |    253 |   2544 |   7 |  597.0 |
        Temple |     29 |     29 |      0 |      0 |     11 |   1 |   29.0 |
               +--------+--------+--------+--------+--------+-----+--------+

Top non-repeatable levels by time:
     D:4: 973 daAuts
     D:3: 781 daAuts
     D:2: 779 daAuts
     D:7: 714 daAuts
     D:1: 623 daAuts
     D:5: 289 daAuts
  Temple: 29 daAuts
     D:6: 17 daAuts
